 Dungeon Crawl Stone Soup version 0.26.1-11-gd32895ea62 (webtiles) character file.

Game seed: 15918778392650290109

15888 MajorAdolf the Covert (level 12, -3/102 HPs)
             Began as a Naga Wanderer on July 21, 2021.
             Was a Follower of Hepliaklqana.
             Slain by a two-headed ogre
             ... wielding a +0 giant club
              (20 damage)
             ... on level 12 of the Dungeon.
             The game lasted 00:41:07 (23915 turns).

MajorAdolf the Covert (Naga Wanderer)              Turns: 23915, Time: 00:41:07

Health: -3/102     AC: 18    Str: 15    XL:     12   Next: 31%
Magic:  8/17       EV:  4    Int: 14    God:    Hepliaklqana [*.....]
Gold:   939        SH: 24    Dex: 10    Spells: 16/18 levels left

rFire    + . .     SeeInvis +   B - +3 spear
rCold    + . .     Faith    .   J - +10 tower shield of Ignorance {rN+ Int-4}
rNeg     + . .     Spirit   .   H - +2 robe
rPois    +         Reflect  .   o - +0 helmet
rElec    .         Harm     .   a - +0 cloak
rCorr    .         Rampage  .   l - +0 pair of gloves
Will     +....                  L - +4 barding
Stlth    +++++.....             (no amulet)
HPRegen  0.27/turn              k - ring of protection from cold
MPRegen  0.15/turn              r - ring of protection from fire

@: very slightly contaminated, very slow
A: large, reduced essence, see invisible, deformed body, poison resistance,
slowness 2, spit poison 1, AC +4
a: Spit Poison, Renounce Religion, Recall Ancestor, Ancestor Identity


You were on level 12 of the Dungeon.
You worshipped Hepliaklqana.
Hepliaklqana was aware of your devotion.
You visited 2 branches of the dungeon, and saw 13 of its levels.

You collected 939 gold pieces.

Inventory:

Hand Weapons
 B - a +3 spear (weapon)
Missiles
 c - 5 javelins
Armour
 a - a +0 cloak (worn)
 e - a +1 leather armour of positive energy
 j - a scarf of invisibility
 l - a +0 pair of gloves (worn)
 o - a +0 helmet (worn)
 w - a +0 troll leather armour
 H - a +2 robe (worn)
 J - the +10 tower shield of Ignorance (worn) {rN+ Int-4}
   (You found it on level 8 of the Dungeon)

   It affects your intelligence (-4).
   It protects you from negative energy.
 L - a +4 barding (worn)
Magical Staves
 K - an uncursed staff of cold
Jewellery
 i - an uncursed ring of flight
 k - a ring of protection from cold (left hand)
 p - an uncursed ring of resist corrosion
 r - a ring of protection from fire (right hand)
 D - an uncursed ring of magical power
 N - an uncursed ring of protection from cold
Wands
 q - a wand of digging (5)
 s - a wand of disintegration (6)
 y - a wand of acid (2)
 A - a wand of polymorph (3)
 F - a wand of random effects (36)
Scrolls
 b - a scroll of fear
 d - 3 scrolls of amnesia
 f - a scroll of random uselessness {unknown}
 g - 2 scrolls of immolation
 h - 4 scrolls of remove curse
 t - 2 scrolls of fog
 u - 2 scrolls of magic mapping
 C - 6 scrolls of identify
 M - a scroll of brand weapon {unknown}
 O - a scroll of vulnerability {unknown}
Potions
 m - a potion of flight
 n - 5 potions of brilliance
 v - 3 potions of curing {unknown}
 x - 2 potions of haste {unknown}
 z - a potion of attraction {unknown}
 E - 2 potions of ambrosia {unknown}
 G - 2 potions of lignification {unknown}
 I - a potion of cancellation {unknown}


   Skills:
 + Level 9.3 Fighting
 + Level 11.3 Polearms
 - Level 1.0 Throwing
 - Level 1.5 Armour
 + Level 13.5 Stealth
 * Level 5.7 Shields
 + Level 3.7 Spellcasting
 + Level 4.0 Air Magic
 + Level 5.4 Poison Magic
 + Level 2.4 Invocations


You had 16 spell levels left.
You knew the following spells:

 Your Spells              Type           Power        Failure   Level
a - Poisonous Vapours     Pois/Air       30%          30%         2

Your spell library contained the following spells:

 Spells                   Type           Power        Failure   Level
 Mephitic Cloud           Conj/Pois/Air  11%          75%         3
 Animate Skeleton         Necr           4%           82%         1
 Magic Dart               Conj           8%           82%         1
 Pain                     Necr           8%           82%         1
 Blink                    Tloc           N/A          91%         2
 Call Imp                 Summ           2%           91%         2
 Slow                     Hex            2%           91%         2
 Conjure Flame            Conj/Fire      2%           99%         3
 Vampiric Draining        Necr           1%           99%         3
 Animate Dead             Necr           1%           100%        4
 Agony                    Necr           2%           100%        5
 Freezing Cloud           Conj/Ice/Air   3%           100%        6


Dungeon Overview and Level Annotations

Branches:
Dungeon (12/15)            Temple (1/1) D:5            Lair (0/6) D:11
    Orc (0/2) D:10

Altars:
Ashenzari
Cheibriados
Dithmenos
Elyvilon
Fedhas
Gozag
Hepliaklqana
Kikubaaqudgha
Makhleb
Nemelex Xobeh
Okawaru
Qazlal
Ru
Sif Muna
Trog
Uskayaw
Vehumet
Wu Jian
Xom
Yredelemnul
Zin
The Shining One

Shops:
D:7 [   D:8 !

Annotations:
D:4 exclusion: ogre
D:5 Sigmund
D:8 2 transporters, 1 runed translucent door, exclusion: orange crystal statue, captivecurve's ghost, novice HOFi


Innate Abilities, Weirdness & Mutations

You cannot wear boots.
Your serpentine skin is tough. (AC +4)
You have supernaturally acute eyesight. (SInv)
Armour fits poorly on your strangely shaped body.
Your system is resistant to poisons. (rPois)
You cover ground very slowly.
You can spit poison.
Your life essence is reduced to manifest your ancestor. (-10% HP)


Message History

You hit the two-headed ogre but do no damage.
The two-headed ogre is moderately wounded.
Kammani hits the two-headed ogre!
Unknown command.
You hit the two-headed ogre.
The two-headed ogre is heavily wounded.
The two-headed ogre hits you with a +0 giant club!!
* * * LOW HITPOINT WARNING * * *
You block the two-headed ogre's attack.
Kammani hits the two-headed ogre!
Unknown command.
You catch the helpless two-headed ogre completely off-guard!
You puncture the two-headed ogre!
The two-headed ogre is severely wounded.
Kammani hits the two-headed ogre.
You hit the two-headed ogre but do no damage.
The two-headed ogre is almost dead.
The two-headed ogre hits you with a +0 giant club!
* * * LOW HITPOINT WARNING * * *
The two-headed ogre hits you with a +0 giant spiked club!!
You die...

.......#.......######
##.....#####........#
.#..#..# #####....# .#..#..#
#....#### .####..#....
#....#..# #
†#..#..#...#####....#..# .#
.#..#..#...#........#..#..#..
##..#..#...#...######........
.#.....#...#....@O...........
.#.....#...#####.R....[......
.#.....#.†.#.......†#####....
.......#...#...#....#...# ...
.......#...#...#........# .
.......#.......#÷...#...#
.......#.......#....#...#
.......#####...#....#...#
....................#...#


You could see the friendly Kammani the ancestor and a two-headed ogre
(poisoned).

Vanquished Creatures
  Harold (D:9)
  Josephine (D:9)
  Erolcha (D:10)
  Erica (D:8)
  A death yak (D:11)
  3 ugly things
  An elephant (D:11)
  Joseph (D:7)
  A komodo dragon (D:11)
  A troll (D:12)
  A hornet (D:11)
  A snapping turtle (D:9)
  Prince Ribbit (D:8)
  A wyvern (D:11)
  3 yaks (D:11)
  4 wraiths (D:10)
  Edmund (D:5)
  An acid dragon (D:12)
  7 orc warriors
  3 black bears
  4 sky beasts
  5 ice beasts
  2 ogres
  A necrophage (D:8)
  2 wolves (D:8)
  4 phantoms
  4 centaurs
  3 big kobolds
  7 bullfrogs
  A gnoll sergeant (D:8)
  A water moccasin zombie (D:8)
  3 scorpions
  13 wights
  4 howler monkeys
  3 bullfrog zombies
  2 bullfrog skeletons
  4 hounds
  7 orc priests
  2 jellies (D:9)
  2 centaur skeletons
  7 iguanas
  12 orc wizards
  Natasha (thrice) (D:2)
  11 worker ants
  A hound skeleton (D:5)
  A howler monkey skeleton (D:10)
  12 adders
  3 gnolls (D:8)
  A white imp (D:9)
  3 ufetubi
  3 oozes
  An adder skeleton (D:4)
  5 worms
  4 dart slugs
  6 leopard geckos
  37 orcs
  A ball python (D:3)
  3 giant cockroaches
  6 goblins
  11 hobgoblins
  7 jackals
  2 quokkas
  11 bats
  6 frilled lizards
  21 kobolds
  A quokka zombie (D:2)
  4 rats
292 creatures vanquished.

Vanquished Creatures (collateral kills)
  A two-headed ogre (D:11)
  An unseen horror (D:11)
  A troll (D:12)
  A yak (D:11)
  2 vampire mosquitoes (D:12)
  An ice beast (D:12)
  A black bear (D:11)
  A bullfrog (D:12)
  A quasit (D:11)
  An iguana (D:11)
  An orc (D:12)
12 creatures vanquished.

Vanquished Creatures (others)
  A wolf (D:8)
  A centaur (D:8)
  A bullfrog (D:8)
  An orc wizard (D:2)
  6 ancestors
  A worker ant (D:8)
  3 orcs (D:8)
  A jackal (D:8)
  A quokka (D:8)
  6 plants (D:8)
22 creatures vanquished.

Grand Total: 326 creatures vanquished

Notes
Turn   | Place    | Note
-------+----------+-------------------------------------------
     0 | D:1      | MajorAdolf the Naga Wanderer began the quest for the Orb.
     0 | D:1      | MajorAdolf set off with the following items: a +2 spear, a
                  | +0 short sword, a +0 ring mail
     0 | D:1      | Reached XP level 1. HP: 19/19 MP: 1/1
   313 | D:1      | Reached XP level 2. HP: 22/26 MP: 2/2
   731 | D:1      | Reached XP level 3. HP: 30/32 MP: 3/3
  1446 | D:2      | Reached XP level 4. HP: 23/39 MP: 4/4
  1581 | D:1      | Reached skill level 5 in Polearms
  1862 | D:2      | Noticed Natasha
  1868 | D:2      | Reached XP level 5. HP: 41/45 MP: 5/5
  1876 | D:2      | Killed Natasha
  2157 | D:2      | Noticed Natasha
  2164 | D:2      | Killed Natasha
  2215 | D:2      | Noticed Natasha
  2985 | D:2      | Killed Natasha
  3052 | D:2      | Found a bloodstained altar of Trog.
  3125 | D:2      | Reached XP level 6. HP: 52/52 MP: 6/6
  3851 | D:3      | Noticed a phantom
  4474 | D:4      | Reached skill level 2 in Stealth
  5274 | D:4      | Reached skill level 3 in Stealth
  5274 | D:4      | Reached XP level 7. HP: 48/61 MP: 7/7
  5849 | D:4      | Reached skill level 4 in Stealth
  6415 | D:5      | Entered Level 5 of the Dungeon
  6973 | D:5      | Reached skill level 5 in Stealth
  7187 | D:5      | Reached XP level 8. HP: 72/72 MP: 8/8
  7381 | D:5      | Found a burning altar of Makhleb.
  7531 | D:5      | Reached skill level 6 in Stealth
  8193 | D:5      | Noticed Sigmund
  8208 | D:5      | Noticed Edmund
  8258 | D:5      | Killed Edmund
  8780 | D:5      | Reached skill level 7 in Stealth
  9034 | D:6      | Reached skill level 5 in Fighting
  9624 | D:6      | Reached skill level 8 in Stealth
  9846 | D:6      | Reached XP level 9. HP: 68/81 MP: 9/9
 10691 | D:7      | Reached skill level 9 in Stealth
 11616 | D:7      | Noticed Joseph
 12299 | D:7      | Found Dumucia's Antique Armour Shoppe.
 12380 | D:6      | Reached skill level 10 in Stealth
 12859 | D:7      | Found a shimmering blue altar of Sif Muna.
 13180 | D:8      | Found a broken altar of Ashenzari.
 13442 | D:8      | Found Xinach's Distillery.
 13731 | D:8      | Noticed Grum
 14090 | D:8      | Noticed Grum
 14090 | D:8      | Grum changed into Grum the ice beast
 14101 | D:8      | Killed Grum the ice beast
 14136 | D:8      | Reached XP level 10. HP: 94/94 MP: 10/10
 14158 | D:8      | Reached skill level 10 in Polearms
 14158 | D:8      | Reached skill level 11 in Stealth
 14208 | D:8      | Noticed Erica
 14243 | D:8      | Killed Erica
 14479 | D:8      | Noticed captivecurve's ghost (novice HOFi)
 14535 | D:8      | Found a glowing silver altar of Zin.
 14679 | D:8      | Found a transporter.
 14685 | D:8      | Found a transporter.
 14713 | D:8      | Found a stormy altar of Qazlal.
 14713 | D:8      | Found a shadowy altar of Dithmenos.
 14833 | D:8      | Noticed Prince Ribbit
 14857 | D:8      | Killed Prince Ribbit
 14987 | D:8      | Found the +10 tower shield of Ignorance {rN+ Int-4}
 14993 | D:8      | Found a runed translucent door.
 15009 | D:8      | Noticed an orange crystal statue
 15024 | D:8      | Found a runed translucent door.
 15278 | D:8      | Found a shimmering altar of Xom.
 15505 | D:9      | Noticed a red ugly thing
 15604 | D:9      | Reached skill level 12 in Stealth
 15627 | D:9      | Killed a red ugly thing
 16001 | D:9      | Learned a level 2 spell: Poisonous Vapours
 16416 | D:9      | Found a snail-covered altar of Cheibriados.
 16469 | D:9      | Noticed a two-headed ogre
 16475 | D:9      | a two-headed ogre changed into a snapping turtle
 16524 | D:9      | Reached skill level 1 in Poison Magic
 17050 | D:10     | Entered Level 10 of the Dungeon
 17244 | D:10     | Reached skill level 1 in Air Magic
 17253 | D:10     | Reached skill level 1 in Spellcasting
 17344 | D:10     | Noticed Harold
 17352 | D:10     | Noticed Erolcha
 17635 | D:9      | Killed Harold
 17636 | D:9      | Reached XP level 11. HP: 13/104 MP: 11/13
 18968 | D:10     | Killed Erolcha
 19456 | D:10     | Noticed Josephine
 19559 | D:9      | Killed Josephine
 19983 | D:10     | Found a staircase to the Orcish Mines.
 20478 | D:8      | Found an ornate altar of the Wu Jian Council.
 20802 | D:7      | Killed Joseph
 21136 | D:5      | Found a staircase to the Ecumenical Temple.
 21142 | Temple   | Entered the Ecumenical Temple
 21295 | Temple   | Became a worshipper of Hepliaklqana the Forgotten
 21533 | D:11     | Reached skill level 13 in Stealth
 21706 | D:11     | Found a staircase to the Lair.
 21892 | D:11     | Noticed a death yak
 21958 | D:11     | Noticed an unseen horror
 21975 | D:11     | Killed an unseen horror
 22119 | D:11     | Noticed a two-headed ogre
 22133 | D:11     | Killed a two-headed ogre
 22134 | D:11     | Reached skill level 5 in Shields
 22134 | D:11     | Reached skill level 1 in Invocations
 22208 | D:11     | Noticed a brown ugly thing
 22227 | D:11     | Killed a brown ugly thing
 22306 | D:11     | Reached XP level 12. HP: 97/102 MP: 16/16
 22368 | D:11     | Reached * piety under Hepliaklqana
 22635 | D:11     | Reached skill level 5 in Poison Magic
 22905 | D:11     | Killed a death yak
 23583 | D:12     | Noticed a two-headed ogre
 23903 | D:12     | Noticed a two-headed ogre
 23915 | D:12     | Slain by a two-headed ogre

Illustrated notes

Levels and vault maps discovered:
D:1:      dpeg_arrival_radiant, layout_basic
D:2:      layout_rooms, general_overflow_altar, minmay_goblin_outpost,
          uniq_natasha
D:3:      layout_basic, feat_on_display
D:4:      minmay_chambers_of_fours, layout_loops_cross, minivault_27
D:5:      layout_cave_pools, bloody_makhleb,
          minmay_temple_entry_enclosed_plants, sigmund_edmund_badplayer
D:6:      layout_loops_ring, chequers_serial_rivers_large_a
D:7:      kennysheep_orc_sif_temple, layout_basic, serial_shops, shop, hex_tiny,
          uniq_joseph
D:8:      layout_basic, lemuel_crystal_altar, lemuel_coloured_pillars_altar,
          xom_confusion_cloud, nicolae_overflow_hidden_temple,
          gammafunk_temple_overflow_wave, gammafunk_ghost_gnarly_gnolls,
          serial_shops, nicolae_shop_waterfront,
          chequers_guarded_unrand_ignorance, uniq_erica, uniq_grum,
          uniq_prince_ribbit1
D:9:      layout_rooms, cheibriados_altar_1, mrwooster_statue_mirror
D:10:     layout_loops_ring, orc_0_dummy, uniq_harold, uniq_josephine,
          uniq_erolcha
D:11:     layout_gridville, david_lair_generic
D:12:     layout_grid_maze
Temple:   dshaligram_water_room_temple

Skill      XL: |  1  2  3  4  5  6  7  8  9 10 11 12 |
---------------+-------------------------------------+-----
Polearms       | 4 5 6 7 8 9 10 11 | 11.3
Stealth        | 3 5 8 10 12 13 | 13.5
Fighting       | 3 5 7 8 9 |  9.3
Shields        | 3 5 |  5.7
Poison Magic   | 2 4 5 |  5.4
Air Magic      | 1 3 4 |  4.0
Spellcasting   | 1 3 |  3.7
Invocations    | 1 2 |  2.4
Throwing       | |  1.0
Armour         | |  1.5

Action                   |  1- 3 |  4- 6 |  7- 9 | 10-12 || total
-------------------------+-------+-------+-------+-------++-------
Melee: Spear             |    95 |   246 |   684 |  1158 ||  2183
       Whip              |       |       |    34 |       ||    34
 Cast: Poisonous Vapours |       |       |       |    14 ||    14
Invok: Ancestor Identity |       |       |       |     1 ||     1
 Abil: Spit Poison       |     2 |    22 |    45 |    16 ||    85
Evoke: Wand              |       |       |     1 |    33 ||    34
  Use: Scroll            |       |     9 |     7 |     9 ||    25
       Potion            |       |       |     2 |     1 ||     3
 Stab: Sleeping          |       |     2 |     9 |    12 ||    23
       Distracted        |       |       |       |     6 ||     6
       Confused          |       |       |       |     2 ||     2
Armor: Ring mail         |    31 |    51 |       |       ||    82
       Robe              |       |    17 |    18 |   111 ||   146
       Leather armour    |       |       |   125 |     2 ||   127
Dodge: Dodged            |    32 |    73 |   172 |    46 ||   323
Block: Tower shield      |       |       |       |   665 ||   665
